 Dungeon Crawl Stone Soup version 0.28-a0-653-g7e9dba1 (webtiles) character file.

Game seed: 10412833264500412934

231 danspanner the Shield-Bearer (level 6, -8/39 HPs)
             Began as a Gargoyle Fighter on Oct 11, 2021.
             Mangled by a rockslime (22 damage)
             ... created by the all-consuming vengeance of Jiyva
             ... on level 3 of the Dungeon.
             The game lasted 00:07:19 (1617 turns).

danspanner the Shield-Bearer (Gargoyle Fighter)     Turns: 1617, Time: 00:07:19

Health: -8/39      AC: 18    Str: 21    XL:     6   Next: 3%
Magic:  6/6        EV: 10    Int:  9    God:
Gold:   136        SH:  4    Dex:  9    Spells: 5/5 levels left

rFire   + . .      SeeInvis .   a - +0 flail
rCold   . . .      Faith    .   c - +0 buckler
rNeg    + . .      Spirit   .   i - +0 plate armour
rPois   ∞          Reflect  .   (no helmet)
rElec   +          Harm     .   d - +0 cloak
rCorr   .          Rampage  .   (no gloves)
Will    .....                   l - +0 pair of boots
Stlth   ..........              k - amulet of regeneration
HPRegen 1.13/turn               e - ring of protection from fire
MPRegen 0.10/turn               n - +4 ring of evasion

@: no status effects
A: sickness immunity, AC +4, negative energy resistance 1, electricity
resistance, torment resistance 1, petrification resistance
a: no special abilities


You were on level 3 of the Dungeon.
You visited 1 branch of the dungeon, and saw 3 of its levels.

You collected 136 gold pieces.

Inventory:

Hand Weapons
 a - a +0 flail (weapon)
Armour
 b - a +0 scale mail
 c - a +0 buckler (worn)
 d - a +0 cloak (worn)
 i - a +0 plate armour (worn)
 l - a +0 pair of boots (worn)
Jewellery
 e - a ring of protection from fire (left hand)
 k - an amulet of regeneration (around neck)
 n - a +4 ring of evasion (right hand)
Scrolls
 h - a scroll of teleportation
Potions
 f - 3 potions of curing
 g - 4 potions of brilliance
 j - a potion of heal wounds
 m - a potion of lignification {unknown}
 o - 2 potions of attraction {unknown}


   Skills:
 + Level 4.5 Fighting
 + Level 3.4 Maces & Flails
 + Level 4.5 Armour
 + Level 4.5 Shields


You had 5 spell levels left.
You didn't know any spells.
Your spell library contained the following spells:

 Spells                   Type           Power      Damage    Failure   Level
 Call Canine Familiar     Summ           0%         N/A       100%        3
 Portal Projectile        Hex/Tloc       0%         N/A       100%        3
 Leda's Liquefaction      Hex/Erth       0%         N/A       100%        4


Dungeon Overview and Level Annotations

Branches:
Dungeon (3/15)

Altars:
Fedhas
Hepliaklqana
Jiyva


Innate Abilities, Weirdness & Mutations

You are immune to sickness and miasma.
Your stone body is resilient. (AC +4)
You are immune to poison.
You resist negative energy. (rN+)
You are resistant to electric shocks. (rElec)
You are resistant to unholy torment.
You are immune to petrification.


Message History

Key pressed, stopping explore.
You now have 128 gold pieces (gained 13).
Key pressed, stopping explore.
There is a stone staircase leading down here.
Key pressed, stopping explore.
A hobgoblin comes into view.
You barely miss the hobgoblin. The hobgoblin closely misses you.
You sock the hobgoblin!
You kill the hobgoblin!
p - a scroll labelled DOICZE XOETOR
As you read the scroll labelled DOICZE XOETOR, it crumbles to dust.
You feel aware of your surroundings.
It was a scroll of magic mapping.
A giant cockroach comes into view.
Your plate armour prevents you from hitting the giant cockroach.
The giant cockroach bites you but does no damage.
The giant cockroach closely misses you.
You hit the giant cockroach.
You kill the giant cockroach!
You see here a giant cockroach corpse.
Found a stone staircase leading up.
p - a scroll of identify
As you read the scroll of identify, it crumbles to dust.
j - a potion of heal wounds
There is a stone staircase leading up here.
You now have 136 gold pieces (gained 8).
Some slimes ooze up out of the ground!
A rockslime comes into view.
Press: ? - help, v - describe, . - travel
Here: a rockslime (durably summoned)
The floor.
The rockslime moves out of view.
The rockslime barely misses you.
You hit the rockslime.
The rockslime is lightly wounded.
The rockslime hits you!!
Ouch! That really hurt!
You stumble backwards!
The rockslime barely misses you.
You barely miss the rockslime. The rockslime hits you!!
Ouch! That really hurt!
You die...

###### #.#.>...♣...+.### #
#.#........#### # #.######..### #
#.#.##.#.##.# # #.#....#.#..# #
###########.##.#.#...## #
............##.#.##### ##########
##############.#J# #.........
#.#@# #.######## #.#.# #.# # ###
#.#.# #.# # ..# #.#.# #.# # #.#
#.#.# #.# # #.# #.#.# #.# # #.#
#.#.#######.# #
#.############...........# #
...................##############


You could see a rockslime.

Vanquished Creatures
  Sigmund (D:2)
  Jessica (D:2)
  2 adders
  3 dart slugs
  2 ball pythons
  3 endoplasms
  4 giant cockroaches
  2 goblins
  4 hobgoblins
  3 quokkas
  4 bats
  2 frilled lizards
  10 kobolds
  A rat (D:3)
  A spectral goblin (D:2)
43 creatures vanquished.

Vanquished Creatures (collateral kills)
  A hobgoblin (D:1)
1 creature vanquished.

Grand Total: 44 creatures vanquished

Notes
Turn   | Place    | Note
-------+----------+-------------------------------------------
     0 | D:1      | danspanner the Gargoyle Fighter began the quest for the
                  | Orb.
     0 | D:1      | Reached XP level 1. HP: 14/14 MP: 1/1
   210 | D:1      | Reached XP level 2. HP: 19/19 MP: 2/2
   727 | D:2      | Reached XP level 3. HP: 23/23 MP: 3/3
   778 | D:2      | Noticed Sigmund
   794 | D:2      | HP: 1/23 [something (8)]
   808 | D:2      | Killed Sigmund
   809 | D:2      | Reached XP level 4. HP: 23/30 MP: 4/4
   809 | D:2      | Reached XP level 5. HP: 26/34 MP: 5/5
  1017 | D:2      | Noticed Jessica
  1031 | D:2      | Killed Jessica
  1069 | D:2      | Found a faded altar of an unknown god.
  1084 | D:2      | Prayed at the altar of an unknown god.
  1084 | D:2      | Became a worshipper of Jiyva Jaoj the Shapeless
  1084 | D:2      | Reached * piety under Jiyva
  1132 | D:2      | You fall into a shaft and drop 1 floor!
  1145 | D:3      | Found a hazy altar of Hepliaklqana.
  1184 | D:3      | Fell from the grace of Jiyva
  1188 | D:3      | Found a blossoming altar of Fedhas.
  1433 | D:3      | Reached XP level 6. HP: 39/39 MP: 6/6
  1601 | D:3      | Noticed a rockslime
  1617 | D:3      | Mangled by a rockslime

Illustrated notes

Levels and vault maps discovered:
D:1:      ebering_trefoil_twist, layout_rooms
D:2:      layout_basic, dreamdust_ecumenical_altar_drowned_temple, uniq_sigmund,
          uniq_jessica, uniq_terence
D:3:      layout_loops_ring, mainiacjoe_overflow_large_starburst,
          grunt_ministairs_14

Skill      XL: |  1  2  3 |
---------------+----------+-----
Fighting       | 4 |  4.5
Maces & Flails | 3 |  3.4
Armour         | 4 |  4.5
Shields        | 4 |  4.5

Action                   |  1- 3 |  4- 6 || total
-------------------------+-------+-------++-------
Melee: Flail             |    73 |    83 ||   156
Invok: Renounce Religion |       |     1 ||     1
  Use: Scroll            |     4 |     4 ||     8
       Potion            |     1 |       ||     1
Armor: Scale mail        |     7 |       ||     7
       Plate armour      |    54 |    43 ||    97
Dodge: Dodged            |    17 |    32 ||    49
Block: Buckler           |     7 |    12 ||    19

Table legend: (Time is in decaauts)
 A = Elapsed time spent in this place.
 B = Non-inter-level travel time spent in this place.
 C = Inter-level travel time spent in this place.
 D = Time resting spent in this place.
 E = Time spent auto-exploring this place.
 F = Levels seen in this place.
 G = Mean time per level.
                   A        B        C        D        E       F      G
               +--------+--------+--------+--------+--------+-----+--------+
         Total |   1660 |   1625 |     35 |      0 |   1173 |   3 |  553.3 |
       Dungeon |   1660 |   1625 |     35 |      0 |   1173 |   3 |  553.3 |
               +--------+--------+--------+--------+--------+-----+--------+

Top non-repeatable levels by time:
     D:1: 681 daAuts
     D:3: 496 daAuts
     D:2: 481 daAuts
